 Dungeon Crawl Stone Soup version 0.17-a0-1078-g243345b (webtiles) character file.

144411 Evospr the Spear-Bearer (level 16, -5/138 HPs)
             Began as a Centaur Wizard on May 19, 2015.
             Was the Champion of Vehumet.
             Slain by a harpy (8 damage)
             ... on level 3 of the Shoals.
             The game lasted 03:32:25 (42601 turns).

Evospr the Spear-Bearer (Centaur Wizard)           Turns: 42601, Time: 03:32:26

Health: -5/138     AC: 15    Str: 12    XL:     16   Next: 85%
Magic:  5/39       EV:  9    Int: 26    God:    Vehumet [******]
Gold:   3064       SH: 10    Dex: 11    Spells: 9 memorised, 9 levels left

rFire  . . .     SeeInvis .     H - staff of conjuration
rCold  . . .     Clarity  .     h - +2 robe {Archmagi}
rNeg   . . .     SustAb   .     D - +0 shield
rPois  +         Gourm    .     z - +1 helmet
rElec  .         Spirit   .     J - +0 cloak {rPois}
rCorr  .         Warding  .     a - +1 pair of gloves {Dex+3}
rMut   .         Stasis   .     (no barding)
MR     +....                    U - amulet of regeneration
Stlth  +.........               o - +4 ring of intelligence
                                K - ring of magical power

@: about to teleport, mesmerised, slowed, glowing, somewhat resistant to hostile
enchantments, very unstealthy
A: hooves 3, iridescent scales 1, deformed body, speed 2, tough skin 3
a: Renounce Religion


You were on level 3 of the Shoals.
You worshipped Vehumet.
Vehumet was exalted by your worship.
You were very hungry.

You visited 7 branches of the dungeon, and saw 30 of its levels.
You visited the Abyss 1 time.
You also visited: Ice Cave.

You collected 3183 gold pieces.
You spent 119 gold pieces at shops.

Inventory:

Hand weapons
 i - the +6 longbow of Defiance {venom, Dex+7}
   (You took it off an orc on level 4 of the Orcish Mines)

   It poisons the ammo it fires.
   It affects your dexterity (+7).
 p - a +2 demon trident of freezing
 N - a +3 trident of protection
 S - the +9 trident of Terror {speed, rF+ Int+2 Dex-5}
   (You found it on level 12 of the Dungeon)

   Attacks with this weapon are significantly faster.
   It affects your intelligence (+2).
   It affects your dexterity (-5).
   It protects you from fire.
Missiles
 b - 4 throwing nets
 w - 6 silver tomahawks
 F - 6 poisoned tomahawks
 G - 7 javelins of penetration
 L - 61 tomahawks (quivered)
Armour
 a - a +1 pair of gloves of dexterity (worn)
 h - a +2 robe of the Archmagi (worn)
 u - a +2 troll leather armour
 z - a +1 helmet (worn)
 D - a +0 shield (worn)
 J - a +0 cloak of poison resistance (worn)
Magical staves
 H - an uncursed staff of conjuration (weapon)
Rods
 t - a +6 rod of ignition (9/9)
   (You took it off a frost giant in an ice cave)
Jewellery
 f - an uncursed ring of teleportation
 g - an uncursed ring of protection from magic
 k - an uncursed ring of protection from fire
 o - a +4 ring of intelligence (right hand)
 x - an uncursed ring of magical power
 K - a ring of magical power (left hand)
 P - a +3 ring of intelligence
 Q - an uncursed ring of flight
 U - an amulet of regeneration (around neck)
 X - an uncursed ring of see invisible
Magical devices
 e - a wand of paralysis (15)
 v - a wand of fireball (3)
 A - a wand of paralysis (15)
 T - a wand of teleportation (1)
 V - a wand of disintegration (7)
 W - a wand of teleportation (0)
 Z - a wand of fire (8)
Scrolls
 m - 9 scrolls of remove curse
 n - 5 scrolls of magic mapping
 M - 2 scrolls of identify
 R - 2 scrolls of amnesia
 Y - a scroll of holy word
Potions
 j - a potion of brilliance
 l - 2 potions of resistance
 B - 2 potions of cure mutation
 C - 3 potions of curing
Books
 c - a book of Minor Magic

   Spells                             Type                      Level
   a - Magic Dart                     Conjuration                  1
   b - Blink                          Translocation                2
   c - Call Imp                       Summoning                    2
   d - Repel Missiles                 Charms/Air                   2
   e - Slow                           Hexes                        2
   f - Conjure Flame                  Conjuration/Fire             3
   g - Mephitic Cloud                 Conjuration/Poison/Air       3
 y - a book of Death

   Spells                             Type                      Level
   a - Corpse Rot                     Necromancy                   2
   b - Sublimation of Blood           Necromancy                   2
   c - Agony                          Necromancy                   5
   d - Dispel Undead                  Necromancy                   5
   e - Excruciating Wounds            Charms/Necromancy            5
   f - Bolt of Draining               Conjuration/Necromancy       5
 I - a book of Summonings

   Spells                             Type                      Level
   a - Recall                         Summoning/Translocation      3
   b - Aura of Abjuration             Summoning                    5
   c - Shadow Creatures               Summoning                    5
   d - Summon Demon                   Summoning                    5
   e - Summon Forest                  Summoning/Translocation      5
   f - Summon Mana Viper              Hexes/Summoning              5
Miscellaneous
 q - a lantern of shadows
 r - a sack of spiders {used: 2}
 O - a lamp of fire (inert)
Comestibles
 d - 11 bread rations
 s - 16 fruits


   Skills:
 - Level 11.4 Fighting
 - Level 14.5 Polearms
 - Level 7.5 Throwing
 - Level 3.2 Armour
 - Level 1.3 Dodging
 - Level 1.2 Stealth
 - Level 9.0 Shields
 + Level 10.0 Spellcasting
 - Level 12.2 Conjurations
   Level 0.8 Summonings
 - Level 2.3 Necromancy
 - Level 0.8 Translocations
 - Level 7.4 Fire Magic


You had 9 spell levels left.
You knew the following spells:

 Your Spells              Type           Power        Failure   Level  Hunger
a - Magic Dart            Conj           ####         1%          1    None
b - Blink                 Tloc           N/A          6%          2    None
c - Repel Missiles        Chrm/Air       ###...       10%         2    None
d - Mephitic Cloud        Conj/Pois/Air  ######..     1%          3    None
e - Conjure Flame         Conj/Fire      #######.     1%          3    None
f - Bolt of Fire          Conj/Fire      #######...   4%          6    #####..
g - Flame Tongue          Conj/Fire      #####        1%          1    None
h - Inner Flame           Hex/Fire       #####...     1%          3    None
i - Bolt of Draining      Conj/Necr      #######...   2%          5    ####...


Dungeon Overview and Level Annotations

Branches:
Dungeon (12/15)            Temple (1/1) D:6            Lair (8/8) D:10
 Shoals (3/4) Lair:3        Snake (1/4) Lair:4        Slime (0/6) Lair:6
    Orc (4/4) D:9             Elf (1/3) Orc:3

Altars:
Ashenzari
Cheibriados
Dithmenos
Elyvilon
Fedhas
Gozag
Makhleb
Nemelex Xobeh
Qazlal
Ru
Sif Muna
Trog
Vehumet
Xom
Yredelemnul
Zin
The Shining One
Beogh

Shops:
D:6 *   D:9 :   Orc:4 :   Shoals:1 [

Annotations:
D:3 1 exclusion
Snake:1 Louise
Orc:4 Saint Roka


Innate Abilities, Weirdness & Mutations

You have hooves in place of feet.
Armour fits poorly on your strangely shaped body.
You cover ground very quickly.
You have extremely tough skin (AC +3).
You are partially covered in iridescent scales (AC +4).


Message History

A siren comes into view. It is wielding a trident.
The siren shouts!
A faun comes into view. It is wielding a quarterstaff.
The faun shouts!
The siren chants a haunting song.
You are mesmerised by the siren!
The faun casts a spell at you. You resist with some effort.
The siren chants a haunting song.
The faun casts a spell at you.
You are outlined in light.
The siren chants its luring song.
Unknown command.
Read which item? (? for menu, Esc to quit)
Okay, then.
Evoke which item? (* to show all) (? for menu, Esc to quit)
Zapping:
T - a wand of teleportation (2)
Press: ? - help, Shift-Dir - straight line, f - you You feel strangely unstable.
This wand has 1 charge left.
You found an alarm trap!
The harpy claws you!
You die...

≈≈≈≈≈≈≈≈≈≈≈≈≈≈≈≈.≈≈..#...
≈≈≈≈≈≈≈≈≈§≈≈≈≈......###..
≈≈≈≈≈≈≈≈≈≈≈≈≈≈......###..
≈..≈....≈≈≈≈≈≈≈≈≈........
.........m≈≈≈≈≈≈≈........
.......((.≈≈≈≈≈≈.........
....##..c.≈≈≈≈≈≈..≈≈.....
. . ##HHH.≈≈..≈.≈≈..†...
##@≈≈..............
#c≈≈.........#.....
≈≈≈≈≈....##.....≈≈..
≈≈≈≈≈≈..#..#..≈≈≈≈≈≈≈.
.≈≈c...≈........≈≈≈≈≈≈≈≈
≈≈≈.^..m........≈≈≈..≈≈≈
≈≈≈.........≈≈≈≈≈≈≈.≈≈≈≈
≈≈..........≈.≈≈≈≈≈≈≈≈≈≈
≈≈≈≈≈....


You could see 3 fauns, 2 sirens and 3 harpies.

Vanquished Creatures
  Rupert (Lair:8)
  Agnes (Snake:1)
  Frances (Snake:1)
  Kirke (Shoals:1)
  2 frost giants
  A stone giant (Orc:4)
  A deep elf demonologist (Elf:1)
  A dire elephant (Lair:8)
  The ghost of ololoev the Basher, a powerful FoSk of Okawaru (D:12)
  An ettin (Orc:4)
  A merfolk javelineer (Shoals:3)
  A merfolk impaler (Shoals:1)
  Josephine (Lair:6)
  Fannar (D:12)
  Erolcha (D:11)
  2 anacondas (Snake:1)
  4 hydras
  Erica (D:10)
  2 catoblepae
  4 merfolk avatars
  A deep troll shaman (Lair:8)
  22 death yaks
  2 satyrs
  The ghost of halfnothing the Blocker, a powerful GrBe of Trog (Lair:1)
  An orc high priest (Orc:4)
  5 skeletal warriors (D:10)
  2 deep elf knights (Elf:1)
  10 sea snakes
  A naga ritualist (Snake:1)
  An ice statue (IceCv)
  An unseen horror (D:10)
  8 orc knights
  Pikel (D:4)
  2 mana vipers (Snake:1)
  5 griffons
  3 manticores
  6 harpies
  2 salamanders (Snake:1)
  7 orc sorcerers
  2 water nymphs
  An ugly thing (D:11)
  16 black mambas
  10 cyclopes
  23 elephants
  A naga mage (Snake:1)
  4 sirens
  A centaur zombie (D:10)
  A sixfirhy (Orc:4)
  21 spiny frogs
  2 torpor snails
  A drowned soul (Shoals:2)
  An efreet (Abyss:1)
  10 komodo dragons
  A hellwing (Abyss:1)
  A fire drake (Lair:6)
  16 merfolk
  3 wind drakes (Shoals:1)
  3 snapping turtles
  Grinder (D:5)
  20 polar bears
  3 trolls
  A trapdoor spider zombie (D:10)
  A fire giant simulacrum (Abyss:1)
  7 wraiths
  A flying skull (Abyss:1)
  A trapdoor spider (Abyss:1)
  4 blink frogs (Lair:6)
  6 two-headed ogres
  A shadow (D:11)
  A water elemental (Shoals:1)
  73 yaks
  10 hippogriffs
  4 deep elf fighters (Elf:1)
  A wyvern (Lair:5)
  4 hogs (Shoals:1)
  A human (D:7)
  A basilisk (Lair:2)
  4 wargs
  36 wolves
  Edmund (D:5)
  16 water moccasins
  5 nagas
  15 porcupines
  40 orc warriors
  A hornet simulacrum (D:12)
  4 slaves
  3 black bears
  4 ice beasts
  15 ogres
  A phantom (D:5)
  5 sky beasts
  17 crocodiles
  2 brain worms
  5 centaurs
  2 big kobolds
  A gnoll sergeant (D:9)
  19 giant frogs
  6 scorpions
  A water moccasin zombie (D:9)
  7 killer bees
  5 wights (D:11)
  6 crimson imps
  A quasit (D:10)
  4 centaur skeletons
  A giant frog skeleton (D:12)
  8 iguanas
  3 jellies
  24 orc priests
  21 orc wizards
  5 hounds
  12 worker ants
  27 sheep
  2 hound skeletons
  A worker ant zombie (D:11)
  Robin (D:3)
  20 adders
  32 river rats
  12 gnolls
  2 shadow imps
  An ooze (Lair:6)
  An adder skeleton (D:4)
  3 worms (D:2)
  6 giant geckos
  226 orcs
  A bat skeleton (D:4)
  A bat zombie (D:6)
  7 giant cockroaches
  31 hobgoblins
  25 kobolds
  4 quokkas
  A ball python (D:3)
  22 bats
  6 giant newts
  33 goblins
  A quokka skeleton (D:5)
  17 rats
  A fungus (Lair:8)
  A plant (Lair:5)
1154 creatures vanquished.

Vanquished Creatures (others)
  3 drowned souls (Shoals:2)
  A fire elemental (Orc:4)
  A human (Shoals:2)
  A wolf (Lair:4)
  2 spiders
  An orc wizard (Orc:4)
  A giant cockroach (Orc:4)
  A hobgoblin (Orc:3)
  A quokka (D:7)
  12 fungi
  3 plants
  5 toadstools (D:1)
32 creatures vanquished.

Grand Total: 1186 creatures vanquished

Notes
Turn   | Place    | Note
--------------------------------------------------------------
     0 | D:1      | Evospr the Centaur Wizard began the quest for the Orb.
     0 | D:1      | Reached XP level 1. HP: 14/14 MP: 3/3
    29 | D:1      | Reached skill level 1 in Conjurations
   620 | D:1      | Reached XP level 2. HP: 15/20 MP: 5/5
  1815 | D:2      | Found a sparkling altar of Nemelex Xobeh.
  1847 | D:2      | Reached XP level 3. HP: 26/26 MP: 1/6
  1896 | D:2      | Reached skill level 3 in Conjurations
  2270 | D:2      | Reached XP level 4. HP: 30/33 MP: 0/7
  2406 | D:2      | Learned a level 2 spell: Blink
  2409 | D:2      | Learned a level 2 spell: Repel Missiles
  2625 | D:2      | Reached skill level 4 in Conjurations
  3066 | D:2      | Reached XP level 5. HP: 33/38 MP: 2/8
  3548 | D:3      | Found a sparkling altar of Nemelex Xobeh.
  3683 | D:3      | Gained mutation: You are partially covered in iridescent scales (AC +4). [potion of beneficial mutation]
  3835 | D:3      | Noticed a wasp
  4093 | D:3      | Reached skill level 5 in Conjurations
  4195 | D:3      | Noticed Robin
  4199 | D:3      | Killed Robin
  4502 | D:3      | Reached XP level 6. HP: 45/45 MP: 3/9
  4651 | D:4      | Learned a level 3 spell: Mephitic Cloud
  5129 | D:4      | Found a blossoming altar of Fedhas.
  5329 | D:4      | Found a sacrificial altar of Ru.
  5451 | D:4      | Noticed Pikel
  5567 | D:4      | Reached skill level 6 in Conjurations
  5648 | D:4      | You fall through a shaft for 3 floors!
  5845 | D:6      | Reached skill level 1 in Throwing
  5941 | D:6      | Found a staircase to the Ecumenical Temple.
  5953 | Temple   | Entered the Ecumenical Temple
  5966 | Temple   | Became a worshipper of Vehumet
  6080 | D:6      | Reached XP level 7. HP: 50/50 MP: 3/10
  6171 | D:5      | Entered Level 5 of the Dungeon
  6588 | D:4      | Killed Pikel
  6588 | D:4      | Reached skill level 7 in Throwing
  6718 | D:5      | Reached XP level 8. HP: 44/57 MP: 1/11
  7010 | D:5      | Found a shadowy altar of Dithmenos.
  7311 | D:5      | Noticed Edmund
  7368 | D:5      | Learned a level 3 spell: Conjure Flame
  7390 | D:5      | Found a shattered altar of Ashenzari.
  7475 | D:5      | Noticed Grinder
  7500 | D:5      | Paralysed by Grinder for 3 turns
  7754 | D:5      | Killed Edmund
  7812 | D:5      | Paralysed by Grinder for 5 turns
  7814 | D:5      | Killed Grinder
  8098 | D:5      | Found an opulent altar of Gozag.
  8282 | D:6      | Reached skill level 5 in Polearms
  8374 | D:6      | Found Fusieh's Assorted Antiques.
  8397 | D:6      | Acquired Vehumet's first power
  8397 | D:6      | Offered knowledge of Sting by Vehumet.
  8397 | D:6      | Reached XP level 9. HP: 58/62 MP: 1/15
  8470 | D:6      | Learned a level 1 spell: Sting
  8539 | D:6      | Found a bloodstained altar of Trog.
  8995 | D:7      | Found a white marble altar of Elyvilon.
  9227 | D:7      | Reached skill level 5 in Spellcasting
  9340 | D:7      | Noticed a hippogriff
  9358 | D:7      | Killed a hippogriff
  9425 | D:7      | Noticed a human
  9452 | D:7      | Killed a human
  9575 | D:7      | Offered knowledge of Flame Tongue by Vehumet.
  9578 | D:7      | Learned a level 1 spell: Flame Tongue
  9918 | D:8      | Reached skill level 1 in Fire Magic
 10971 | D:8      | Reached XP level 10. HP: 40/69 MP: 13/18
 11583 | D:9      | Reached skill level 1 in Fighting
 11808 | D:9      | Offered knowledge of Inner Flame by Vehumet.
 11907 | D:9      | Acquired Vehumet's second power
 11916 | D:9      | Found a staircase to the Orcish Mines.
 11922 | D:9      | Found Elued's Book Shop.
 11932 | D:9      | Learned a level 3 spell: Inner Flame
 12083 | D:9      | Offered knowledge of Ignite Poison by Vehumet.
 12464 | D:10     | Entered Level 10 of the Dungeon
 12864 | D:10     | Reached skill level 8 in Polearms
 13123 | D:10     | Noticed Erica
 13146 | D:10     | Killed Erica
 13268 | D:10     | Found a deep blue altar of Sif Muna.
 13464 | D:10     | Noticed a skeletal warrior
 13831 | D:10     | Noticed a skeletal warrior
 13855 | D:10     | Killed a skeletal warrior
 13855 | D:10     | Reached XP level 11. HP: 49/85 MP: 17/20
 14001 | D:10     | Noticed a skeletal warrior
 14020 | D:10     | Noticed a skeletal warrior
 14023 | D:10     | Noticed a skeletal warrior
 14113 | D:10     | Killed a skeletal warrior
 14351 | D:10     | Killed a skeletal warrior
 14351 | D:10     | Reached skill level 5 in Fighting
 14351 | D:10     | Reached skill level 9 in Polearms
 14390 | D:10     | Acquired Vehumet's third power
 14410 | D:10     | Killed a skeletal warrior
 14425 | D:10     | Killed a skeletal warrior
 14657 | D:10     | Found a staircase to the Lair.
 14701 | D:10     | Offered knowledge of Static Discharge by Vehumet.
 14911 | D:10     | Killed an unseen horror
 15252 | Orc:1    | Entered Level 1 of the Orcish Mines
 15282 | Orc:1    | Reached skill level 10 in Polearms
 15943 | Orc:2    | Found a roughly hewn altar of Beogh.
 16608 | Orc:2    | Offered knowledge of Throw Icicle by Vehumet.
 16949 | Orc:2    | Found a burning altar of Makhleb.
 17344 | Orc:3    | Found a staircase to the Elven Halls.
 17452 | Orc:3    | Reached XP level 12. HP: 97/97 MP: 21/21
 17998 | Lair:1   | Entered Level 1 of the Lair of Beasts
 18484 | Lair:1   | Noticed halfnothing's ghost (powerful GrBe)
 18497 | Lair:1   | Killed halfnothing's ghost
 18856 | Lair:1   | Reached skill level 11 in Polearms
 18953 | Lair:2   | Offered knowledge of Bolt of Fire by Vehumet.
 18961 | Lair:2   | Learned a level 6 spell: Bolt of Fire
 19850 | Lair:3   | Noticed a catoblepas
 19882 | Lair:3   | Killed a catoblepas
 20463 | Lair:3   | Found a staircase to the Shoals.
 21035 | Lair:3   | Reached XP level 13. HP: 75/108 MP: 22/23
 21162 | Lair:4   | Found a staircase to the Snake Pit.
 21550 | Lair:4   | Reached skill level 12 in Polearms
 22045 | Lair:4   | Reached skill level 10 in Conjurations
 22498 | Lair:3   | Got an ancient war axe
 22499 | Lair:3   | Identified the +11 war axe "Xuengure" {chop, rN+} (You found it on level 3 of the Lair of Beasts)
 23792 | Lair:6   | Found a frozen archway.
 23802 | IceCv    | Entered an ice cave
 24345 | IceCv    | Offered knowledge of Conjure Ball Lightning by Vehumet.
 24869 | IceCv    | Reached skill level 13 in Polearms
 24963 | IceCv    | Reached XP level 14. HP: 109/118 MP: 26/26
 25398 | IceCv    | Noticed a frost giant
 25411 | IceCv    | Killed a frost giant
 26102 | Lair:6   | Found a staircase to the Slime Pits.
 26161 | Lair:6   | Reached skill level 5 in Fire Magic
 26391 | Lair:6   | Offered knowledge of Lee's Rapid Deconstruction by Vehumet.
 26433 | Lair:6   | Noticed Josephine
 26450 | Lair:6   | Killed Josephine
 26450 | Lair:6   | Reached skill level 10 in Fighting
 27047 | Lair:6   | Got an ancient ring mail
 27058 | Lair:6   | Identified the +5 ring mail of the Blessed Realm {Int+3 SInv} (You found it on level 6 of the Lair of Beasts)
 28524 | Lair:8   | Entered Level 8 of the Lair of Beasts
 28737 | Lair:8   | Reached skill level 14 in Polearms
 29554 | Lair:8   | Noticed Rupert
 29566 | Lair:8   | Paralysed by Rupert for 6 turns
 29577 | Lair:8   | Killed Rupert
 29577 | Lair:8   | Reached XP level 15. HP: 95/128 MP: 28/28
 30459 | Lair:8   | Got a jewelled short sword
 30460 | Lair:8   | Identified the cursed +0 short sword of Chaos {freeze, MP+9 Int+2} (You found it on level 8 of the Lair of Beasts)
 30904 | Orc:3    | Offered knowledge of Freezing Cloud by Vehumet.
 30912 | Orc:4    | Entered Level 4 of the Orcish Mines
 31841 | Orc:4    | Reached skill level 1 in Armour
 32020 | Orc:4    | Found a roughly hewn altar of Beogh.
 32032 | Orc:4    | Offered knowledge of Bolt of Cold by Vehumet.
 32198 | Orc:4    | Found Wuthrobi's Antique Weapon Emporium.
 32201 | Orc:4    | Found Amuil's Book Shoppe.
 32613 | Orc:4    | Got a brightly glowing longbow
 32627 | Orc:4    | Identified the +6 longbow of Defiance {venom, Dex+7} (You took it off an orc on level 4 of the Orcish Mines)
 33596 | Orc:4    | Offered knowledge of Spellforged Servitor by Vehumet.
 33683 | Orc:4    | Noticed Saint Roka
 34372 | Elf:1    | Entered Level 1 of the Elven Halls
 34602 | Orc:3    | Learned a level 5 spell: Bolt of Draining
 35445 | D:11     | Noticed Erolcha
 35451 | D:11     | Killed Erolcha
 35451 | D:11     | Reached skill level 1 in Necromancy
 35914 | D:12     | Got an ancient trident
 35915 | D:12     | Identified the +9 trident of Terror {speed, rF+ Int+2 Dex-5} (You found it on level 12 of the Dungeon)
 35995 | D:12     | Noticed Fannar
 36245 | D:12     | Noticed ololoev's ghost (powerful FoSk)
 36326 | D:12     | Killed ololoev's ghost
 36473 | D:12     | Killed Fannar
 37056 | Snake:1  | Entered Level 1 of the Snake Pit
 37226 | Snake:1  | Noticed Agnes
 37260 | Snake:1  | Killed Agnes
 37618 | Snake:1  | Reached XP level 16. HP: 138/138 MP: 29/29
 37675 | Snake:1  | Noticed Frances
 37919 | Snake:1  | Reached skill level 5 in Shields
 37943 | Snake:1  | Killed Frances
 38212 | Snake:1  | Noticed Louise
 38230 | Snake:1  | Cast into the Abyss (Louise)
 38232 | Abyss:1  | Found a corrupted altar of Lugonu.
 38556 | Snake:1  | Escaped the Abyss
 38749 | Shoals:1 | Entered Level 1 of the Shoals
 38772 | Shoals:1 | Noticed Kirke
 38782 | Shoals:1 | HP: 3/138 [merfolk/glaive (18)]
 39867 | Shoals:1 | Found Fiwkowag's Armour Shop.
 40012 | Shoals:1 | Killed Kirke
 40411 | Shoals:1 | Bought a +0 cloak of poison resistance for 119 gold pieces
 41501 | Shoals:2 | Offered knowledge of Lehudib's Crystal Spear by Vehumet.
 41501 | Shoals:2 | Offered knowledge of Fire Storm by Vehumet.
 41501 | Shoals:2 | Offered knowledge of Chain Lightning by Vehumet.
 42590 | Shoals:3 | Reached skill level 10 in Spellcasting
 42599 | Shoals:3 | HP: 4/138 [harpy (14)]
 42599 | Shoals:3 | HP: 1/138 [harpy (3)]
 42601 | Shoals:3 | Slain by a harpy

Vault maps used:
D:1:      ldierk_walled_garden
D:2:      kennysheep_six_static_rooms, nicolae_overflow_hidden_temple,
          first_bread, kennysheep_generic_room_11
D:3:      nemelex_xobeh_ov_fountains_minmay, uniq_robin
D:4:      nicolae_ru_awakened_eye, fedhas_altar_3, uniq_pikel
D:5:      kennysheep_little_box, nicolae_overflow_crystal_walls,
          kennysheep_mini_moat, uniq_grinder, uniq_edmund
D:6:      lemuel_doored_altar, minmay_temple_entry_metal_lava, serial_shops,
          shop
D:7:      old_forge, elyvilon_altar_4, grunt_livestock, grunt_ministairs_15
D:8:      minmay_misc_feat_iff, minmay_misc_feat_x
D:9:      david_orc_2, serial_shops, nicolae_shop_behind_doors
D:10:     lair_0_dummy, minmay_door_square, dk_noncrumbling_4, minivault_16,
          eino_small_chamber_without_monster, hangedman_abyss_or_decor_clamps,
          st_stairs_6, minmay_fountain_box, lemuel_tele_altar, uniq_erica
D:11:     kennysheep_windowed_goal, uniq_erolcha
D:12:     hangedman_decor_riveting, uniq_fannar
Temple:   circular_temple_12
Lair:1:   beast_lair_carwin_10, grunt_megastairs_3, infiniplex_staircase_pool_2
Lair:2:   beast_lair_carwin_4, serial_bayou_shore_b
Lair:3:   shoals_dummy_entry
Lair:4:   minmay_snake_entry_guardpost_small, st_stairs_5,
          grunt_forest_stairs_clearing
Lair:5:   serial_bayou_shore_a
Lair:6:   nicolae_slime_entry_slimehenge, portal_ice_cave_entry_pillars_02,
          st_stairs_5, beast_lair_carwin_7, infiniplex_staircase_pool,
          uniq_josephine
Lair:7:   serial_bayou_crossing, lemuel_fruit_tree
Lair:8:   grunt_lair_end_beastmaster, grunt_megastairs_1,
          bh_autumn_forest_stairs, uniq_rupert
Shoals:1: serial_shops, shop, st_shoals_ruin, uniq_kirke
Shoals:2: nicolae_shoals_isolated_beach
Shoals:3: uniq_nikola
Snake:1:  grunt_ministairs_2, abandoned_shop, uniq_louise, uniq_frances,
          uniq_agnes
Orc:2:    basic_altar, lemuel_statue_altar
Orc:3:    cheibrodos_orc_bank, nicolae_orc_pool_cavern
Orc:4:    pubby_orc_utopia
Elf:1:    eino_elf_arrival_sip, serial_shops, shop_statue,
          kennysheep_underground_church, nicolae_elf_glass_and_crystal_pillar_1,
          orc_legates, grunt_megastairs_4
Abyss:1:  evilmike_abyss_exit_12
IceCv:    ice_cave_caverns_02

Action                   |  1- 3 |  4- 6 |  7- 9 | 10-12 | 13-15 | 16-18 || total
-------------------------+-------+-------+-------+-------+-------+-------++-------
Melee: Spear             |    68 |   116 |   109 |       |       |       ||   293
       Unarmed           |     5 |       |       |       |       |       ||     5
       Trident           |       |       |   117 |  1129 |  2542 |   326 ||  4114
       Staff             |       |       |     2 |       |     3 |     3 ||     8
       Scimitar          |       |       |       |       |    10 |       ||    10
       Demon trident     |       |       |       |       |       |   224 ||   224
Throw: Stone             |       |     2 |     2 |       |       |       ||     4
       Tomahawk          |       |       |    12 |       |     1 |       ||    13
 Cast: Magic Dart        |    69 |   244 |   154 |   101 |    35 |     2 ||   605
       Repel Missiles    |       |     1 |     1 |     2 |     3 |     1 ||     8
       Mephitic Cloud    |       |       |    27 |    97 |   131 |    11 ||   266
       Conjure Flame     |       |       |     3 |    72 |   198 |    30 ||   303
       Sting             |       |       |    99 |     6 |       |       ||   105
       Flame Tongue      |       |       |       |   108 |   189 |     2 ||   299
       Bolt of Fire      |       |       |       |       |    20 |       ||    20
       Blink             |       |       |       |       |    11 |     3 ||    14
       Inner Flame       |       |       |       |       |     2 |       ||     2
       Bolt of Draining  |       |       |       |       |    40 |    97 ||   137
 Abil: Evoke Flight      |       |       |       |       |       |     2 ||     2
       Evoke Teleportati |       |       |       |       |       |     1 ||     1
Evoke: Wand              |       |       |       |     1 |     2 |    13 ||    16
       Lamp of fire      |       |       |       |       |     1 |     1 ||     2
       Sack of spiders   |       |       |       |       |     1 |     1 ||     2
  Use: Scroll            |       |     8 |     2 |    17 |    16 |     7 ||    50
       Potion            |       |     1 |       |     1 |     5 |    16 ||    23
 Stab: Confused          |       |       |     8 |    48 |    74 |     3 ||   133
       Fleeing           |       |       |       |       |     1 |       ||     1
       Petrified         |       |       |       |       |     2 |       ||     2
       Petrifying        |       |       |       |       |     1 |       ||     1
  Eat: Chunk             |     4 |    12 |    14 |    29 |    55 |    28 ||   142
       Fruit             |       |       |     1 |     1 |     4 |     1 ||     7
       Beef jerky        |       |       |       |     2 |       |       ||     2
       Royal jelly       |       |       |       |       |     1 |     1 ||     2
       Bread ration      |       |       |       |       |     2 |     1 ||     3
       Meat ration       |       |       |       |       |     1 |       ||     1
